TOP OF THE 1ST |
Hagerstown Suns batting - Pitching for Lakewood BlueClaws : RHP Gregorio Padilla
|
Pitching: RHP Gregorio Padilla
|
|
Batting: RHB Bobby Bricker
|
0-0: Ball 1-0: Ball 2-0: Ball 3-0: Foul Ball, location: 2F 3-1: Swinging Strike 3-2: DOUBLE (Line Drive, 5D, EV 102.5 MPH)
|
Batting: RHB John McNeill
|
0-0: Ball 1-0: Swinging Strike 1-1: Ground out 4-3 (Groundball, 34, EV 80.6 MPH) Bobby Bricker to third
|
Batting: RHB Bryan Wheeler
|
0-0: Called Strike 0-1: Ball 1-1: Ball 2-1: Ground out 5-3 (Groundball, 56, EV 82.5 MPH) Bobby Bricker scores
|
Batting: RHB Nick Moreno
|
0-0: Called Strike 0-1: Hit by Pitch
|
Batting: RHB Seth Rutz
|
0-0: Swinging Strike 0-1: Ball 1-1: Foul Ball, location: 2F 1-2: Ball 2-2: DOUBLE (Line Drive, 7LM, EV 115.0 MPH) Nick Moreno to third Runner from 3rd tries for Home, SAFE, throw by LF to trailing runner, SAFE at third!
|
Batting: RHB John Savard
|
0-0: Swinging Strike 0-1: Foul Ball, location: 2F 0-2: Ball 1-2: Ball 2-2: Ball 3-2: Strikes out looking
|
Top of the 1st over - 2 runs, 2 hits, 0 errors, 1 left on base; Hagerstown 2 - Lakewood 0 |
BOTTOM OF THE 1ST |
Lakewood BlueClaws batting - Pitching for Hagerstown Suns : LHP Peni Keli'i
|
Pitching: LHP Peni Keli'i
|
|
Batting: LHB Matt Urbanek
|
0-0: Called Strike 0-1: Foul Ball, location: 2F 0-2: Ground out 6-3 (Groundball, 6MS, EV 88.1 MPH)
|
Batting: RHB Vaclav Been
|
0-0: Ball 1-0: DOUBLE (Line Drive, 5D, EV 102.5 MPH)
|
Batting: RHB Mike Bell
|
0-0: Ball 1-0: Ball 2-0: Ball 3-0: Called Strike 3-1: Called Strike 3-2: Base on Balls
|
Batting: RHB Victor Arias
|
0-0: Ball 1-0: Ball 2-0: Ball 3-0: Base on Balls Vaclav Been to third Mike Bell to second
|
Batting: SHB Steve DeRienzo
|
0-0: Fly out, F8 (Flyball, 8RD, EV 104.4 MPH) Runner from 3rd tags up, SCORES, throw by CF Mike Bell to third
|
Batting: RHB Trent Hedrick
|
0-0: Called Strike 0-1: Ball 1-1: Swinging Strike 1-2: Fielders Choice at 2nd, 6-4 (Groundball, 6, EV 83.1 MPH)
|
Bottom of the 1st over - 1 run, 1 hit, 0 errors, 2 left on base; Hagerstown 2 - Lakewood 1 |
TOP OF THE 2ND |
Hagerstown Suns batting - Pitching for Lakewood BlueClaws : RHP Gregorio Padilla
|
Batting: RHB Jim Towle
|
0-0: Ball 1-0: Ball 2-0: Ball 3-0: Called Strike 3-1: Base on Balls
|
Batting: RHB Antonio Vallez
|
0-0: Foul Ball, location: 2F 0-1: Ball Wild Pitch! Jim Towle to second 1-1: Called Strike 1-2: Fly out, F8 (Flyball, 8LXD, EV 75.6 MPH) Runner from 2nd tags up, SAFE at 3rd, no throw by CF
|
Batting: RHB Jelexiz Cuenca
|
0-0: Swinging Strike 0-1: Swinging Strike 0-2: Strikes out swinging
|
Batting: RHB Bobby Bricker
|
0-0: Ground out 5-3 (Groundball, 56, EV 83.8 MPH)
|
Top of the 2nd over - 0 runs, 0 hits, 0 errors, 1 left on base; Hagerstown 2 - Lakewood 1 |
BOTTOM OF THE 2ND |
Lakewood BlueClaws batting - Pitching for Hagerstown Suns : LHP Peni Keli'i
|
Batting: LHB Eric Farren
|
0-0: Called Strike 0-1: Ball 1-1: Foul Ball, location: 2F 1-2: Ball 2-2: Fly out, F7 (Flyball, 7, EV 86.9 MPH)
|
Batting: RHB Johnny Burroughs
|
0-0: Ground out 1-3 (Groundball, 34S, EV 68.8 MPH)
|
Batting: RHB Cory Bonham
|
0-0: Called Strike 0-1: Ball 1-1: Foul Ball, location: 2F 1-2: Ball 2-2: Fly out, F9 (Flyball, 89S, EV 82.5 MPH)
|
Bottom of the 2nd over - 0 runs, 0 hits, 0 errors, 0 left on base; Hagerstown 2 - Lakewood 1 |
TOP OF THE 3RD |
Hagerstown Suns batting - Pitching for Lakewood BlueClaws : RHP Gregorio Padilla
|
Batting: RHB John McNeill
|
0-0: Ball 1-0: DOUBLE (Line Drive, 9LD, EV 100.0 MPH)
|
Batting: RHB Bryan Wheeler
|
0-0: Foul Ball, location: 2F 0-1: Ground out 5-3 (Groundball, 5, EV 86.2 MPH)
|
Batting: RHB Nick Moreno
|
0-0: Ball 1-0: Ground out 1-3 (Groundball, 13S, EV 68.8 MPH) John McNeill to third
|
Batting: RHB Seth Rutz
|
0-0: Ball 1-0: Called Strike 1-1: Ground out 6-3 (Groundball, 6, EV 103.1 MPH)
|
Top of the 3rd over - 0 runs, 1 hit, 0 errors, 1 left on base; Hagerstown 2 - Lakewood 1 |
BOTTOM OF THE 3RD |
Lakewood BlueClaws batting - Pitching for Hagerstown Suns : LHP Peni Keli'i
|
Batting: LHB Matt Urbanek
|
0-0: SINGLE (Line Drive, 4M, EV 94.4 MPH)
|
Batting: RHB Vaclav Been
|
0-0: Ball 1-0: Ball 2-0: Ball 3-0: Base on Balls Matt Urbanek to second
|
Batting: RHB Mike Bell
|
0-0: Swinging Strike 0-1: Foul Ball, location: 2F 0-2: Ball 1-2: Foul Ball, location: 2F 1-2: Ball 2-2: Foul Ball, location: 2F 2-2: Strikes out swinging
|
Batting: RHB Victor Arias
|
0-0: Ball 1-0: Foul Ball, location: 2F 1-1: Called Strike 1-2: DOUBLE (Groundball, 3D, EV 104.4 MPH) Matt Urbanek scores Vaclav Been to third Runner from 3rd tries for Home, SAFE, no throw by RF
|
Batting: SHB Steve DeRienzo
|
0-0: SINGLE (Line Drive, 8LS, EV 101.2 MPH) Victor Arias to third
|
Batting: RHB Trent Hedrick
|
0-0: Ball 1-0: Called Strike 1-1: Fly out, F9 (Line Drive, 89M, EV 90.0 MPH)
|
Batting: LHB Eric Farren
|
0-0: Fielders Choice at 2nd, 5-4 (Groundball, 5, EV 88.8 MPH)
|
Bottom of the 3rd over - 2 runs, 3 hits, 0 errors, 2 left on base; Hagerstown 2 - Lakewood 3 |
TOP OF THE 4TH |
Hagerstown Suns batting - Pitching for Lakewood BlueClaws : RHP Gregorio Padilla
|
Batting: RHB John Savard
|
0-0: Called Strike 0-1: Ball 1-1: Swinging Strike 1-2: Strikes out swinging
|
Batting: RHB Jim Towle
|
0-0: Ball 1-0: Ball 2-0: Ball 3-0: Called Strike 3-1: Base on Balls
|
Batting: RHB Antonio Vallez
|
0-0: Called Strike Jim Towle is caught stealing 2nd base 2-4 0-1: Ball 1-1: Swinging Strike 1-2: Strikes out looking
|
Top of the 4th over - 0 runs, 0 hits, 0 errors, 0 left on base; Hagerstown 2 - Lakewood 3 |
BOTTOM OF THE 4TH |
Lakewood BlueClaws batting - Pitching for Hagerstown Suns : LHP Peni Keli'i
|
Batting: RHB Johnny Burroughs
|
0-0: Called Strike 0-1: Ball 1-1: Ball 2-1: Foul Ball, location: 2F 2-2: Strikes out swinging
|
Batting: RHB Cory Bonham
|
0-0: Called Strike 0-1: Ball 1-1: Swinging Strike 1-2: Ball 2-2: Ball 3-2: Foul Ball, location: 2F 3-2: Foul Ball, location: 2F 3-2: Foul Ball, location: 2F 3-2: Foul Ball, location: 2F 3-2: Strikes out swinging
|
Batting: LHB Matt Urbanek
|
0-0: Called Strike 0-1: Foul Ball, location: 2F 0-2: Ball 1-2: Foul Ball, location: 2F 1-2: Strikes out swinging
|
Bottom of the 4th over - 0 runs, 0 hits, 0 errors, 0 left on base; Hagerstown 2 - Lakewood 3 |
TOP OF THE 5TH |
Hagerstown Suns batting - Pitching for Lakewood BlueClaws : RHP Gregorio Padilla
|
Batting: RHB Jelexiz Cuenca
|
0-0: Ball 1-0: Ball 2-0: Ball 3-0: Base on Balls
|
Batting: RHB Bobby Bricker
|
0-0: Ball 1-0: Swinging Strike 1-1: Grounds into double play, 4-6-3 (Groundball, 4, EV 97.5 MPH)
|
Batting: RHB John McNeill
|
0-0: Called Strike 0-1: Fly out, F8 (Line Drive, 8LD, EV 106.2 MPH)
|
Top of the 5th over - 0 runs, 0 hits, 0 errors, 0 left on base; Hagerstown 2 - Lakewood 3 |
BOTTOM OF THE 5TH |
Lakewood BlueClaws batting - Pitching for Hagerstown Suns : LHP Peni Keli'i
|
Batting: RHB Vaclav Been
|
0-0: Reached via error on a dropped throw from 2B, E3 (Groundball, 13, EV 86.9 MPH)
|
Batting: RHB Mike Bell
|
0-0: Ball 1-0: Ball 2-0: Ball 3-0: Base on Balls Vaclav Been to second
|
Batting: RHB Victor Arias
|
0-0: Ball 1-0: Ball 2-0: Ball Wild Pitch! Vaclav Been to third Mike Bell to second 3-0: Called Strike 3-1: Foul Ball, location: 2F 3-2: Base on Balls
|
Batting: SHB Steve DeRienzo
|
0-0: Called Strike 0-1: Ball 1-1: Grounds into fielders choice 6-2 (Groundball, 6, EV 84.4 MPH) Mike Bell to third Victor Arias to second
|
Batting: RHB Trent Hedrick
|
0-0: Ball 1-0: Foul Ball, location: 2F 1-1: SINGLE (Groundball, 56, EV 95.0 MPH) Mike Bell scores Victor Arias to third Steve DeRienzo to second Runner from 3rd tries for Home, throw by LF and OUT! 7-2
|
Batting: LHB Eric Farren
|
0-0: Called Strike 0-1: SINGLE (Groundball, 3D, EV 94.4 MPH) Steve DeRienzo to third Trent Hedrick to second Runner from 3rd tries for Home, SAFE, throw by RF to home
|
Pitching: RHP Bastien Perrini
|
|
Batting: RHB Johnny Burroughs
|
0-0: Foul Ball, location: 2F 0-1: Fly out, F9 (Flyball, 9, EV 90.6 MPH)
|
Bottom of the 5th over - 2 runs, 2 hits, 1 error, 2 left on base; Hagerstown 2 - Lakewood 5 |
TOP OF THE 6TH |
Hagerstown Suns batting - Pitching for Lakewood BlueClaws : RHP Gregorio Padilla
|
Batting: RHB Bryan Wheeler
|
0-0: Hit by Pitch
|
Batting: RHB Nick Moreno
|
0-0: Ball 1-0: Swinging Strike 1-1: Ball 2-1: Ball 3-1: Swinging Strike 3-2: Base on Balls Bryan Wheeler to second
|
Pitching: RHP Ramon Mena
|
|
Batting: RHB Seth Rutz
|
0-0: Called Strike 0-1: Foul Ball, location: 2F 0-2: Grounds into double play, 6-4-3 (Groundball, 6, EV 86.9 MPH) Bryan Wheeler to third
|
Pinch Hitting: LHB Chance McWilliams
|
0-0: Swinging Strike 0-1: Ball 1-1: Foul Ball, location: 2F 1-2: SINGLE (Line Drive, 9S, EV 106.2 MPH) Bryan Wheeler scores
|
Batting: RHB Jim Towle
|
0-0: Ball 1-0: 2-RUN HOME RUN (Flyball, 7D, EV 95.0 MPH), Distance : 361 ft
|
Batting: RHB Antonio Vallez
|
0-0: Ball 1-0: Foul Ball, location: 2F 1-1: Ball 2-1: Foul Ball, location: 2F 2-2: Strikes out looking
|
Top of the 6th over - 3 runs, 2 hits, 0 errors, 0 left on base; Hagerstown 5 - Lakewood 5 |
BOTTOM OF THE 6TH |
Lakewood BlueClaws batting - Pitching for Hagerstown Suns : RHP Bastien Perrini
|
Now in LF: Chance McWilliams
|
|
Batting: RHB Cory Bonham
|
0-0: Ball 1-0: Called Strike 1-1: Ball 2-1: Foul Ball, location: 2F 2-2: Ball 3-2: Ground out 6-3 (Groundball, 6S, EV 84.4 MPH)
|
Batting: LHB Matt Urbanek
|
0-0: Swinging Strike 0-1: Foul Ball, location: 2F 0-2: Ball 1-2: Foul Ball, location: 2F 1-2: Foul Ball, location: 2F 1-2: Strikes out swinging
|
Batting: RHB Vaclav Been
|
0-0: Called Strike 0-1: Foul Ball, location: 2F 0-2: Strikes out swinging
|
Bottom of the 6th over - 0 runs, 0 hits, 0 errors, 0 left on base; Hagerstown 5 - Lakewood 5 |
TOP OF THE 7TH |
Hagerstown Suns batting - Pitching for Lakewood BlueClaws : RHP Ramon Mena
|
Batting: RHB Jelexiz Cuenca
|
0-0: Ball 1-0: SINGLE (Groundball, P, EV 81.9 MPH) (infield hit)
|
Batting: RHB Bobby Bricker
|
0-0: Ball 1-0: Ball 2-0: Ball 3-0: Called Strike 3-1: Fielders Choice at 2nd, 6-4 (Groundball, 56, EV 89.4 MPH)
|
Batting: RHB John McNeill
|
Pickoff Throw to First - Out! 1-3 CS 0-0: Called Strike 0-1: Foul Ball, location: 2F 0-2: Ball 1-2: SINGLE (Groundball, 6MD, EV 93.8 MPH)
|
Batting: RHB Bryan Wheeler
|
0-0: Ball John McNeill steals 2nd, throwing error, E2 John McNeill to third 1-0: Ball 2-0: Ball 3-0: Ground out 5-3 (Groundball, 56S, EV 87.5 MPH)
|
Top of the 7th over - 0 runs, 2 hits, 1 error, 1 left on base; Hagerstown 5 - Lakewood 5 |
BOTTOM OF THE 7TH |
Lakewood BlueClaws batting - Pitching for Hagerstown Suns : RHP Bastien Perrini
|
Batting: RHB Mike Bell
|
0-0: Called Strike 0-1: Foul Ball, location: 2F 0-2: Foul Ball, location: 2F 0-2: Ball 1-2: Strikes out swinging
|
Batting: RHB Victor Arias
|
0-0: Ball 1-0: SINGLE (Groundball, 6S, EV 71.9 MPH) (infield hit)
|
Batting: SHB Steve DeRienzo
|
Pickoff Throw to First - Error! E1 Victor Arias to second 0-0: Swinging Strike 0-1: Ball 1-1: Called Strike 1-2: Strikes out swinging
|
Batting: RHB Trent Hedrick
|
0-0: Foul Ball, location: 2F 0-1: Ball 1-1: Ground out 3-1 (Groundball, 34S, EV 85.0 MPH)
|
Bottom of the 7th over - 0 runs, 1 hit, 1 error, 1 left on base; Hagerstown 5 - Lakewood 5 |
TOP OF THE 8TH |
Hagerstown Suns batting - Pitching for Lakewood BlueClaws : RHP Ramon Mena
|
Pitching: RHP Andrew Giles
|
|
Batting: RHB Nick Moreno
|
0-0: DOUBLE (Flyball, 8RXD, EV 111.9 MPH)
|
Batting: RHB Seth Rutz
|
0-0: Ball 1-0: Ball 2-0: Foul Ball, location: 2F 2-1: Called Strike 2-2: Fly out, F8 (Flyball, 89S, EV 93.1 MPH)
|
Batting: LHB Chance McWilliams
|
0-0: Intentional Walk
|
Batting: RHB Jim Towle
|
0-0: Called Strike 0-1: Ball 1-1: Fly out, F4 (Popup, 4MS, EV 70.0 MPH)
|
Batting: RHB Antonio Vallez
|
0-0: Ball 1-0: Called Strike 1-1: Swinging Strike 1-2: Ball 2-2: Foul Ball, location: 2F 2-2: Strikes out swinging
|
Top of the 8th over - 0 runs, 1 hit, 0 errors, 2 left on base; Hagerstown 5 - Lakewood 5 |
BOTTOM OF THE 8TH |
Lakewood BlueClaws batting - Pitching for Hagerstown Suns : RHP Bastien Perrini
|
Pitching: LHP Anton Erlykov
|
|
Batting: LHB Eric Farren
|
0-0: Ball 1-0: Called Strike 1-1: DOUBLE (Flyball, 89D, EV 105.0 MPH)
|
Batting: RHB Johnny Burroughs
|
0-0: Foul Ball, location: 2F 0-1: Swinging Strike 0-2: Ball 1-2: Strikes out swinging
|
Batting: RHB Cory Bonham
|
0-0: Ball 1-0: Ball 2-0: Called Strike 2-1: Ball 3-1: Base on Balls
|
Pinch Hitting: RHB Josh Baker
|
0-0: Ball 1-0: Called Strike 1-1: Ball 2-1: Swinging Strike 2-2: Foul Ball, location: 2F 2-2: Foul Ball, location: 2F 2-2: Ball 3-2: Base on Balls Eric Farren to third Cory Bonham to second
|
Pitching: RHP Jordan Amaker
|
|
Batting: LHB Joel Moore
|
0-0: Called Strike 0-1: Ball 1-1: Swinging Strike 1-2: Foul Ball, location: 2F 1-2: Ball 2-2: Ball 3-2: Grounds into fielders choice 3-2 (Groundball, 34S, EV 86.2 MPH) Cory Bonham to third Josh Baker to second
|
Batting: RHB Mike Bell
|
0-0: Foul Ball, location: 2F 0-1: Foul Ball, location: 2F 0-2: Ball 1-2: Ball 2-2: Foul Ball, location: 2F 2-2: Ball 3-2: Foul Ball, location: 2F 3-2: Base on Balls Cory Bonham scores Josh Baker to third Joel Moore to second
|
Batting: RHB Victor Arias
|
0-0: Swinging Strike 0-1: Foul Ball, location: 2F 0-2: Ball 1-2: Ball 2-2: Ball 3-2: Ground out 6-3 (Groundball, 6, EV 98.1 MPH)
|
Bottom of the 8th over - 1 run, 1 hit, 0 errors, 3 left on base; Hagerstown 5 - Lakewood 6 |
TOP OF THE 9TH |
Hagerstown Suns batting - Pitching for Lakewood BlueClaws : RHP Andrew Giles
|
Now in LF: Bryan Alfaro
|
|
Batting: RHB Jelexiz Cuenca
|
0-0: Foul Ball, location: 2F 0-1: Called Strike 0-2: Foul Ball, location: 2F 0-2: Ball 1-2: Strikes out swinging
|
Batting: RHB Bobby Bricker
|
0-0: Foul Ball, location: 2F 0-1: Called Strike 0-2: Strikes out swinging
|
Batting: RHB John McNeill
|
0-0: Ball 1-0: Swinging Strike 1-1: Foul Ball, location: 2F 1-2: Strikes out swinging
|
Top of the 9th over - 0 runs, 0 hits, 0 errors, 0 left on base; Hagerstown 5 - Lakewood 6 |
|